Unix NetHack Version 3.7.0-53 Work-in-progress - last build Apr 18 2022 03:42:42 (02b85442fffe0e2954e411e09df771b56fe27bbc,branch:master). Game began 2022-04-23 17:59:30, ended 2022-04-23 18:08:05. Arasaka, neutral female gnomish Ranger --- ---.-- --- --....--- |. |.......--- ------ |. |.........-----.--.-- |.- ---.---.-...........| |.| -- |.....^........| |.| ---- ----.---..........| |.|--..-- --....| ---........-- --.--....| |.....--- --..--....| |.....|..| --......| ------...| |....-|..-- --......| |.--- --...|--..---.....--- --- |<..| |.......---- --.----......-- ---- -----....-------- ..h..- |...........:..h....- |......@f...---- --.--...|...| -- --.---.-- --- -- Arasaka the Tenderfoot St:14 Dx:13 Co:14 In:15 Wi:13 Ch:7 Neutral Dlvl:4 $:69 HP:0(18) Pw:11(11) AC:7 Xp:2/35 T:1000 Latest messages: What do you want to wield? [- a-dnt or ?*] t - a boomerang (wielded). What do you want to throw? [$a-dnt or ?*] In what direction? t - a boomerang. There is nothing here to pick up. What do you want to wield? [- a-dnt or ?*] t - a boomerang (wielded). What do you want to throw? [$a-dnt or ?*] In what direction? The boomerang hits the brown mold. b - an uncursed +1 crossbow (weapon in hand). You have no secondary weapon readied. In what direction? You shoot 2 crossbow bolts. The 1st crossbow bolt hits the brown mold! You kill the brown mold! c - 2 uncursed +2 crossbow bolts (in quiver pouch). t - a boomerang. What do you want to wield? [- a-dnt or ?*] a - an uncursed +1 dagger (weapon in hand). The door opens. You hear the footsteps of a guard on patrol. $ - 16 gold pieces. That door is closed. The door opens. The door opens. Pick an object. You descend the stairs. You kill the jackal! You kill the jackal! You see here a jackal corpse. There is a jackal corpse here; eat it? [ynq] (n) This jackal corpse tastes okay. You finish eating the jackal corpse. The jackal bites! You kill the jackal! An arrow shoots out at you! You are hit by an arrow. You see here a carrot. p - a carrot. The kitten bites! The kitten bites! You hit the kitten. The kitten bites! The kitten bites! You hit the kitten! The kitten bites! The kitten bites! You die... Major events: Turn 1: Arasaka the neutral female gnomish Ranger entered the dungeon 916: entered the Gnomish Mines 1000: killed by a kitten Inventory: Coins ('$') $ - 69 gold pieces Weapons (')') c - 55 uncursed +2 crossbow bolts (in quiver pouch) d - 31 uncursed +0 crossbow bolts b - an uncursed +1 crossbow t - an uncursed +0 boomerang a - an uncursed +1 dagger (weapon in hand) n - an uncursed +0 dagger Armor ('[') k - a blessed +0 orcish helm e - an uncursed +2 cloak of displacement (being worn) Comestibles ('%') p - an uncursed carrot f - 4 uncursed cram rations m - an uncursed eucalyptus leaf Scrolls ('?') i - an uncursed scroll of earth h - an uncursed scroll of light Wands ('/') g - a blessed wand of polymorph (0:3) Gems/Stones ('*') j - an uncursed worthless piece of red glass Arasaka the Ranger's attributes: Background: You were a Tenderfoot, a level 2 female gnomish Ranger. You were neutral, on a mission for Venus who was opposed by Mercury (lawful) and Mars (chaotic). You were in the Gnomish Mines, on level 4. You entered the dungeon 1000 turns ago. You had 35 experience points, 5 more were needed to attain level 3. Basics: You had 0 out of 18 hit points. You had all 11 energy points (spell power). Your armor class was 7. Your wallet contained 69 zorkmids. Autopickup was on for '$"?' plus thrown, with exceptions. Final Characteristics: Your strength was 14 (limit:18/50). Your dexterity was 13 (limit:18). Your constitution was 14 (limit:18). Your intelligence was 15 (limit:19). Your wisdom was 13 (limit:18). Your charisma was 7 (limit:18). Final Status: You were not hungry. You were unencumbered. You were wielding a dagger. You had basic skill with dagger. Final Attributes: You were fervently aligned. You had automatic searching. You had infravision. You were displaced. You were warded. You are dead. Miscellaneous: You disabled loading of bones levels. Total elapsed playing time was 8 minutes and 35 seconds. Vanquished creatures: an iguana a hobbit a brown mold 4 jackals a fox a goblin a sewer rat 2 grid bugs a lichen a kobold zombie 3 newts 17 creatures vanquished. No species were genocided or became extinct. Voluntary challenges: You were an atheist. You read items or engraved 1 time. You never engraved Elbereth. You never genocided any monsters. You never polymorphed an object. You never changed form. You used no wishes. Achievement: You entered the Gnomish Mines. The Dungeons of Doom: levels 1 to 4 Level 1: A fountain. Level 2: "v" Some fountains. Level 3: Many fountains, a sink. Stairs down to The Gnomish Mines. Level 4: The Gnomish Mines: Level 4: <- You were here. Final resting place for you, killed by a kitten. Game over: ---------- / \ / REST \ / IN \ / PEACE \ / \ | Arasaka | | 69 Au | | killed by a | | kitten | | | | | | 2022 | *| * * * | * _________)/\\_//(\/(/\)/\//\/|_)_______ Goodbye Arasaka the Ranger... You died in The Gnomish Mines on dungeon level 4 with 353 points, and 69 pieces of gold, after 1000 moves. You were level 2 with a maximum of 18 hit points when you died.